Map: Romanticide LE

Players

Vikaereon

  • Race: Terran Terran
  • League: Platinum
  • Spawn Location: 11:00

Rescue - Winner!

  • Race: Zerg Zerg
  • League: Grandmaster
  • Spawn Location: 5:00

VOD

Have the link to the VOD?

Description

Time

  • Played on: Dec. 8, 2020, 4:45 a.m.
  • Length: 8:24
Show
View Real Time Build Order
Export as new Build Order

Vikaereon Terran 

Build Orders:  

Get SALT Encoding   

  12  0:00  SCV  
  13  0:12  SCV  
  14  0:17  Supply Depot  
  14  0:25  SCV  
  15  0:39  SCV  
  15  0:40  Barracks  
  16  0:51  SCV  
  16  0:55  Supply Depot  
  17  1:01  Refinery  
  17  1:03  SCV  
  18  1:15  SCV  
  19  1:27  Orbital Command  
  19  1:30  Marine  
  20  1:53  Command Center  
  20  1:55  SCV  
  20  1:58  Barracks Reactor  
  21  2:07  SCV  
  22  2:33  Factory, SCV  
  22  2:36  Marine x2  
  25  2:37  Refinery  
  25  2:45  SCV  
  26  2:54  Marine x2  
  28  3:04  Supply Depot  
  28  3:05  Supply Depot  
  28  3:12  Marine x2  
  29  3:20  Starport  
  29  3:25  Hellion  
  31  3:28  Bunker  
  31  3:32  Orbital Command  
  31  3:33  SCV  
  32  3:45  SCV  
  32  3:51  Barracks Reactor  
  32  3:57  SCV  
  32  4:00  Barracks  
  33  4:09  SCV  
  34  4:11  Liberator  
  37  4:21  SCV  
  38  4:32  Barracks  
  38  4:33  Marine x2, SCV  
  38  4:34  Hellion x2  
  38  4:36  Barracks, SCV  
  46  4:45  SCV  
  46  4:48  SCV  
  46  4:51  Marine x2  
  50  4:53  Supply Depot  
  50  4:57  SCV  
  51  5:10  Marine x2, SCV  
  51  5:12  Barracks Tech Lab  
  54  5:17  Engineering Bay  
  54  5:18  Starport Reactor  
  54  5:19  Engineering Bay  
  54  5:22  SCV x2  
  54  5:34  SCV x2  
  45  5:46  SCV  
  45  5:47  Marine x2, Marauder, Command Center  
  50  5:53  Hellion x2  
  51  6:05  Marine x2  
  51  6:08  Marine  
  51  6:09  Medivac x2  
  58  6:13  Barracks Tech Lab  
  58  6:14  Barracks Tech Lab  
  58  6:15  Hellion x2  
  62  6:20  Terran Infantry Weapons Level 1  
  62  6:21  Terran Infantry Armor Level 1  
  62  6:26  Marauder  
  62  6:27  Armory, SCV  
  62  6:29  Refinery  
  62  6:32  Refinery, Supply Depot  
  65  6:36  Widow Mine x2, Supply Depot  
  65  6:37  Concussive Shells  
  65  6:39  SCV  
  70  6:54  Marine x4, Marauder, SCV  
  77  6:57  Widow Mine, Supply Depot  
  77  7:01  Supply Depot  
  79  7:06  SCV  
  80  7:11  Marine  
  80  7:14  Marine, Marauder  
  84  7:18  SCV  
  85  7:24  Supply Depot  
  85  7:29  Marine  
  86  7:30  SCV  
  87  7:42  SCV  
Show
View Real Time Build Order
Export as new Build Order

Rescue Zerg - Winner!

Build Orders: Hatch First, Hydra Ultra Viper 

Get SALT Encoding   

  12  0:00  Drone  
  13  0:12  Overlord  
  13  0:17  Drone  
  14  0:32  Drone x2  
  16  0:48  Hatchery  
  15  0:51  Drone  
  16  1:07  Spawning Pool  
  16  1:10  Drone  
  16  1:13  Drone  
  16  1:16  Extractor  
  16  1:18  Drone  
  16  1:23  Drone  
  18  1:31  Drone  
  19  1:50  Drone  
  19  1:53  Queen  
  22  1:59  Queen  
  22  2:00  Zergling x4  
  26  2:06  Overlord  
  26  2:13  Drone  
  26  2:15  Drone  
  28  2:16  Metabolic Boost  
  28  2:25  Drone x2  
  30  2:38  Hatchery  
  29  2:46  Queen  
  31  2:54  Overlord  
  31  2:55  Drone  
  31  2:56  Drone  
  32  3:01  Drone x2  
  32  3:04  Drone  
  35  3:07  Drone  
  36  3:18  Overlord  
  36  3:19  Drone x4  
  40  3:26  Queen  
  40  3:30  Drone  
  40  3:31  Drone  
  44  3:38  Drone  
  44  3:40  Drone  
  46  3:44  Drone x2  
  46  3:45  Drone  
  48  3:50  Drone  
  48  3:54  Queen, Drone x5  
  56  4:00  Overlord  
  56  4:02  Overlord  
  56  4:12  Queen  
  56  4:16  Overlord  
  58  4:17  Overlord  
  58  4:20  Zergling x4  
  58  4:21  Zergling x2  
  58  4:23  Zergling x2  
  62  4:25  Overlord  
  62  4:30  Extractor  
  61  4:32  Drone x3  
  61  4:34  Evolution Chamber x2  
  61  4:36  Drone x2  
  61  4:37  Drone  
  65  4:41  Drone x3  
  65  4:43  Drone  
  69  4:47  Drone  
  69  4:48  Drone  
  71  4:56  Overlord x2  
  71  4:59  Drone x4  
  76  5:07  Zergling x6  
  76  5:10  Zergling x6, Baneling Nest  
  76  5:12  Zerg Melee Weapons Level 1  
  80  5:15  Zerg Ground Armor Level 1  
  80  5:21  Overlord  
  79  5:22  Zergling x2  
  79  5:23  Zergling x6  
  83  5:31  Spore Crawler  
  83  5:32  Drone x4  
  84  5:36  Drone  
  84  5:38  Hatchery  
  84  5:40  Drone  
  84  5:42  Drone  
  84  5:44  Lair  
  84  5:45  Drone  
  85  5:53  Drone x4  
  88  6:00  Drone x3  
  91  6:06  Extractor  
  91  6:07  Extractor  
  91  6:10  Overlord x2  
  91  6:11  Overlord x2  
  89  6:12  Zergling x4  
  89  6:17  Zergling x12, Extractor  
  96  6:21  Hatchery, Drone x2  
  96  6:22  Extractor  
  96  6:28  Zergling x2  
  97  6:37  Drone x3  
  100  6:44  Centrifical Hooks  
  100  6:46  Drone x6  
  106  6:47  Drone  
  106  6:48  Hydralisk Den, Drone  
  106  6:51  Drone  
  108  6:57  Drone x3  
  111  7:03  Drone  
  111  7:04  Drone  
  113  7:10  Drone x7  
  113  7:13  Extractor  
  113  7:14  Extractor  
  118  7:16  Zergling x10  
  118  7:19  Zergling x2  
  118  7:22  Zergling x2  
  125  7:23  Baneling x15  
  125  7:24  Overseer  
  125  7:28  Zergling x4  
  125  7:29  Hatchery  
  126  7:36  Zergling x20  
  136  7:46  Zergling x18  
  145  7:56  Zergling x14  
Tags
 
Add a new tag
Caveats
  • Supply blocks, unpowered buildings, or Contaminate may cause inaccurate times.
  • Supply counts are checked every 10 seconds.